 Dungeon Crawl Stone Soup version 0.26-a0-810-ge1a9524b62 (webtiles) character file.

Game seed: 8148508862782367499

9694 jiml777 the Thaumaturge (level 11, -2/54 HPs)
             Began as a Deep Elf Air Elementalist on Nov 7, 2020.
             Was a Believer of Sif Muna.
             Slain by a troll (17 damage)
             ... on level 10 of the Dungeon on Nov 13, 2020.
             The game lasted 01:48:48 (17411 turns).

jiml777 the Thaumaturge (DEAE)                     Turns: 17411, Time: 01:48:49

Health: -2/54      AC: 13    Str:  5    XL:     11   Next: 26%
Magic:  9/28       EV: 13    Int: 24    God:    Sif Muna [**....]
Gold:   474        SH:  7    Dex: 13    Spells: 14/33 levels left

rFire    . . .     SeeInvis .   r - staff of death
rCold    . . .     Faith    .   F - +3 buckler
rNeg     + + .     Spirit   .   H - +2 robe {MR+}
rPois    .         Reflect  .   j - +2 helmet
rElec    .         Harm     .   y - +0 cloak
rCorr    .         Rampage  .   t - +2 pair of gloves
MR       ++...                  (no boots)
Stlth    ++........             (no amulet)
HPRegen  0.18/turn              d - ring of positive energy
MPRegen  0.21/turn              (no ring)

@: hasted, very quick
A: slimy green scales 1, clumsy 1, sense surroundings 1, subdued magic 1
a: Channel Magic, Renounce Religion


You were on level 10 of the Dungeon.
You worshipped Sif Muna.
Sif Muna was pleased with you.
You visited 1 branch of the dungeon, and saw 10 of its levels.
You also visited: Sewer.

You collected 577 gold pieces.
You spent 103 gold pieces at shops.

Inventory:

Hand Weapons
 c - a +1 short sword
Missiles
 h - 124 arrows
 n - a throwing net (quivered)
 q - 28 poisoned darts
 K - 4 silver boomerangs
Armour
 j - a +2 helmet (worn)
 t - a +2 pair of gloves (worn)
 w - a +2 robe of fire resistance
 y - a +0 cloak (worn)
 F - a +3 buckler (worn)
 H - a +2 robe of magic resistance (worn)
Magical Staves
 r - an uncursed staff of death (weapon)
Jewellery
 d - a ring of positive energy (left hand)
Wands
 a - a wand of random effects (32)
 s - a wand of polymorph (5)
 C - a wand of flame (37)
 E - a wand of acid (7)
 G - a wand of iceblast (4)
 M - a wand of disintegration (8)
Scrolls
 g - 2 scrolls of immolation
 i - 4 scrolls of enchant weapon
 k - 3 scrolls of teleportation
 v - 2 scrolls of fear
 B - 4 scrolls of remove curse
 D - 2 scrolls of fog
Potions
 b - a potion of degeneration {unknown}
 e - 2 potions of might {unknown}
 f - 3 potions of cancellation
 l - a potion of brilliance {unknown}
 m - 2 potions of lignification {unknown}
 o - 5 potions of haste
 p - 2 potions of heal wounds
 u - 3 potions of flight
 x - 5 potions of curing
 z - a potion of invisibility {unknown}
 J - a potion of magic {unknown}
 L - a potion of berserk rage


   Skills:
 + Level 0.1 Fighting
 - Level 2.8 Dodging
 - Level 2.7 Stealth
 * Level 2.6 Shields
 - Level 0.1 Unarmed Combat
 + Level 11.5 Spellcasting
 * Level 6.4 Conjurations
 * Level 5.8 Hexes
 * Level 6.4 Translocations
 + Level 9.3 Air Magic
 * Level 4.2 Invocations
 * Level 6.7 Evocations


You had 14 spell levels left.
You knew the following spells:

 Your Spells              Type           Power        Failure   Level
a - Shock                 Conj/Air       ####         1%          1
b - Swiftness             Air            #####...     1%          2
c - Blink                 Tloc           N/A          1%          2
d - Airstrike             Air            #####.....   1%          4
e - Lightning Bolt        Conj/Air       #####.....   4%          5
f - Slow                  Hex            ####....     1%          2
g - Vampiric Draining     Necr           ###.......   13%         3

Your spell library contained the following spells:

 Spells                   Type           Power        Failure   Level
 Magic Dart               Conj           ####         1%          1
 Mephitic Cloud           Conj/Pois/Air  ####....     1%          3
 Static Discharge         Conj/Air       #####...     1%          3
 Conjure Flame            Conj/Fire      ###.....     3%          3
 Animate Skeleton         Necr           ###...       4%          1
 Pain                     Necr           ###.         4%          1
 Call Imp                 Summ           ##......     7%          2
 Irradiate                Conj/Tmut      ###.......   32%         5
 Animate Dead             Necr           ###.......   43%         4
 Agony                    Necr           ###.....     80%         5
 Hydra Form               Tmut           ##........   100%        6
 Statue Form              Tmut/Erth      ##.......    100%        6
 Dragon Form              Tmut           ##........   100%        7


Dungeon Overview and Level Annotations

Branches:
Dungeon (10/15)            Temple (0/1) D:7            Lair (0/6) D:9
  Sewer (visited)
    Orc: D:9-12

Altars:
Kikubaaqudgha
Makhleb
Okawaru
Ru
Sif Muna
Uskayaw
Vehumet

Shops:
D:4 [


Innate Abilities, Weirdness & Mutations

You are partially covered in slimy green scales. (AC +2)
You are clumsy. (Dex -2)
You passively map a small area around you.
Your spells are a little easier to cast, but a little less powerful.


Message History

Casting: Lightning Bolt (dangerous; 4% risk of failure)
Confirm with . or Enter, or press ? or * to list all spells.
Aiming: Lightning Bolt (dangerous; 4% risk of failure)
Press: ? - help, Shift-Dir - straight line, f/p - troll
Aim: a troll (moderately wounded)
You hear a mighty clap of thunder!
The bolt of lightning hits the troll!
The troll is almost dead.
The bolt of lightning hits the deep troll!!
The deep troll is almost dead.
The bolt of lightning misses the troll.
A troll opens the door.
A troll comes into view.
The troll closely misses you. The troll claws you. The troll claws you!
* * * LOW HITPOINT WARNING * * *
Found a scroll of immolation. 3 trolls come into view.
You feel yourself speed up.
The troll shouts!
The troll bites you!
You die...

.............. * , .............,
, , ............ , ........... ,
≈≈≈≈≈≈≈≈≈≈≈ ≈≈.≈≈≈≈≈≈≈≈≈≈...#
≈≈≈≈≈≈≈≈≈###*#≈.≈≈≈≈ ≈≈≈≈≈≈≈≈##
≈≈≈≈≈≈≈≈≈≈#$.T#≈)≈#####≈≈≈≈≈≈≈≈≈
≈≈≈≈≈≈≈≈≈≈#$TTT@†.TT.T#≈≈≈≈≈≈≈≈≈
≈≈≈≈≈≈≈≈≈≈#####≈.≈#TT.#≈≈≈≈≈≈≈≈≈
* ≈≈≈≈≈≈≈≈≈≈≈≈≈≈≈.≈#####≈≈≈≈≈≈≈≈≈
* #..≈≈≈≈≈≈≈≈≈≈≈.≈≈≈≈≈≈≈≈≈≈≈≈≈≈≈
#...........................#≈
#.....[.....................#
#....†....).................#
####...........................#*
.......###...........#........##


You could see a deep troll and 8 trolls.

Vanquished Creatures
  3 two-headed ogres
  Pikel (D:9)
  An ugly thing (D:8)
  Psyche (D:8)
  A troll (D:10)
  3 yaks (D:10)
  Menkaure (D:7)
  A soldier ant (D:9)
  4 sky beasts
  5 orc warriors
  2 black bears (D:8)
  An ice beast (D:9)
  A phantom (D:8)
  3 centaurs
  3 necrophages
  4 ogres
  An eye of draining (D:9)
  4 lemures (D:9)
  3 big kobolds
  6 bullfrogs
  A water moccasin skeleton (D:6)
  3 scorpions
  6 wights
  18 killer bees
  4 howler monkeys
  4 electric eels (D:10)
  A quasit (D:6)
  A centaur zombie (D:5)
  2 hounds
  A gnoll shaman (D:6)
  4 orc priests
  6 jellies
  3 centaur skeletons
  2 bullfrog skeletons
  Terence (D:2)
  Natasha (twice) (D:3)
  8 orc wizards
  7 worker ants
  A killer bee zombie (D:10)
  A hound zombie (D:5)
  A hound skeleton (D:8)
  10 gnolls
  12 adders
  5 river rats
  A shadow imp (D:6)
  3 white imps
  4 ufetubi
  2 oozes (D:3)
  5 adder skeletons
  An adder zombie (D:7)
  2 worms (D:6)
  A dart slug (D:3)
  4 leopard geckos
  45 orcs
  A ball python (D:2)
  7 giant cockroaches
  5 goblins
  6 hobgoblins
  8 jackals
  18 kobolds
  A quokka (D:7)
  10 bats
  3 frilled lizards
  A giant cockroach zombie (D:5)
  2 jackal skeletons
  2 leopard gecko skeletons (D:4)
  2 quokka skeletons
  10 rats
297 creatures vanquished.

Vanquished Creatures (others)
  3 fungi (D:9)
  4 plants (D:9)
7 creatures vanquished.

Grand Total: 304 creatures vanquished

Notes
Turn   | Place    | Note
-------+----------+-------------------------------------------
     0 | D:1      | jiml777 the Deep Elf Air Elementalist began the quest for
                  | the Orb.
     0 | D:1      | Reached XP level 1. HP: 10/10 MP: 6/6
   297 | D:1      | Reached XP level 2. HP: 15/15 MP: 6/8
  1112 | D:1      | Reached XP level 3. HP: 19/19 MP: 8/10
  1405 | D:2      | Found a hide-covered altar of Uskayaw.
  1675 | D:2      | Learned a level 2 spell: Swiftness
  1678 | D:2      | Learned a level 2 spell: Blink
  2192 | D:2      | Reached skill level 4 in Spellcasting
  2234 | D:2      | Noticed Terence
  2260 | D:2      | Killed Terence
  2260 | D:2      | Reached XP level 4. HP: 24/24 MP: 6/12
  2555 | D:2      | Upgraded the game from 0.26-a0-757-g626ac9e51a to
                  | 0.26-a0-810-ge1a9524b62
  2831 | D:3      | Reached skill level 1 in Translocations
  2831 | D:3      | Reached XP level 5. HP: 10/28 MP: 7/13
  3419 | D:3      | Learned a level 4 spell: Airstrike
  3484 | D:3      | Noticed Natasha
  3490 | D:3      | Killed Natasha
  3490 | D:3      | Reached skill level 5 in Spellcasting
  3705 | D:3      | Reached XP level 6. HP: 13/32 MP: 7/15
  4296 | D:3      | Noticed Natasha
  4347 | D:3      | Killed Natasha
  5451 | D:4      | Gained mutation: Potions are less effective at restoring
                  | your health. [potion of mutation]
  5451 | D:4      | Gained mutation: You possess an exceptional clarity of
                  | mind. [potion of mutation]
  5452 | D:4      | Lost mutation: You possess an exceptional clarity of mind.
                  | [potion of mutation]
  5452 | D:4      | Lost mutation: Potions are less effective at restoring your
                  | health. [potion of mutation]
  5452 | D:4      | Gained mutation: Your spells are a little easier to cast,
                  | but a little less powerful. [potion of mutation]
  5452 | D:4      | Gained mutation: Your muscles are strong. (Str +2) [potion
                  | of mutation]
  6264 | D:4      | Reached skill level 1 in Evocations
  6318 | D:4      | Lost mutation: Your muscles are strong. (Str +2) [potion of
                  | mutation]
  6318 | D:4      | Gained mutation: You passively map a small area around you.
                  | [potion of mutation]
  6318 | D:4      | Gained mutation: You are clumsy. (Dex -2) [potion of
                  | mutation]
  6318 | D:4      | Gained mutation: You are partially covered in slimy green
                  | scales. (AC +2) [potion of mutation]
  6324 | D:4      | Found a sacrificial altar of Ru.
  6662 | D:4      | Found Hobriu's Antique Armour Boutique.
  6751 | D:4      | Bought an embroidered robe for 103 gold pieces
  6914 | D:5      | Entered Level 5 of the Dungeon
  7019 | D:5      | Noticed a sky beast
  7021 | D:5      | Killed a sky beast
  7021 | D:5      | Reached skill level 6 in Spellcasting
  7021 | D:5      | Reached skill level 5 in Air Magic
  7021 | D:5      | Reached XP level 7. HP: 36/36 MP: 8/18
  7392 | D:5      | Reached skill level 7 in Spellcasting
  7708 | D:5      | Reached XP level 8. HP: 41/41 MP: 10/20
  8094 | D:5      | Found a radiant altar of Vehumet.
  8094 | D:5      | Found an iron altar of Okawaru.
  8769 | D:6      | Found a glowing drain.
  8807 | Sewer    | Entered a sewer
  8882 | Sewer    | Reached skill level 8 in Spellcasting
  9020 | Sewer    | Found a glowing silver altar of Zin.
  9434 | D:6      | Found a shimmering blue altar of Sif Muna.
  9442 | D:6      | Became a worshipper of Sif Muna the Loreminder
 10270 | D:6      | Reached XP level 9. HP: 45/45 MP: 14/23
 10325 | D:6      | Learned a level 5 spell: Lightning Bolt
 10328 | D:6      | Learned a level 2 spell: Slow
 10577 | D:6      | Reached skill level 9 in Spellcasting
 10603 | D:6      | Reached skill level 1 in Hexes
 11131 | D:6      | Reached skill level 1 in Invocations
 11131 | D:6      | Reached skill level 5 in Evocations
 11434 | D:6      | Reached * piety under Sif Muna
 12206 | D:7      | Found a staircase to the Ecumenical Temple.
 12273 | D:7      | Reached skill level 5 in Translocations
 12734 | D:7      | Reached skill level 10 in Spellcasting
 13156 | D:7      | Found an ancient bone altar of Kikubaaqudgha.
 13162 | D:7      | Noticed Menkaure
 13165 | D:7      | Killed Menkaure
 13832 | D:8      | Noticed Psyche
 13845 | D:8      | Killed Psyche
 13845 | D:8      | Reached XP level 10. HP: 35/50 MP: 3/26
 14016 | D:8      | Reached ** piety under Sif Muna
 14044 | D:8      | Noticed a two-headed ogre
 14065 | D:8      | Killed a two-headed ogre
 14065 | D:8      | Reached skill level 1 in Shields
 14065 | D:8      | Reached skill level 5 in Conjurations
 14609 | D:8      | Noticed a brown ugly thing
 14623 | D:8      | Killed a brown ugly thing
 15512 | D:9      | Found a staircase to the Lair.
 15611 | D:9      | Reached skill level 11 in Spellcasting
 15685 | D:9      | Reached skill level 5 in Hexes
 15861 | D:9      | Noticed Pikel
 15962 | D:9      | Killed Pikel
 16239 | D:9      | Learned a level 3 spell: Vampiric Draining
 16447 | D:9      | Found a burning altar of Makhleb.
 16986 | D:10     | Entered Level 10 of the Dungeon
 17002 | D:10     | Noticed a two-headed ogre
 17007 | D:10     | Killed a two-headed ogre
 17007 | D:10     | Reached XP level 11. HP: 54/54 MP: 10/28
 17316 | D:10     | Noticed a two-headed ogre
 17330 | D:10     | Killed a two-headed ogre
 17406 | D:10     | Noticed a deep troll
 17411 | D:10     | Slain by a troll

Illustrated notes

Levels and vault maps discovered:
D:1:      minmay_arrival_split_and_join, layout_basic
D:2:      layout_loops_corners, eat_drink_and_be_merry_uskayaw, uniq_terence
D:3:      layout_loops_ring, uniq_natasha
D:4:      layout_loops_corners, lemuel_doored_altar, serial_shops,
          nicolae_shop_crystal
D:5:      layout_rooms, gammafunk_temple_overflow_elements
D:6:      layout_loops_ring, basic_altar, lightli_sewer_entry_pipes, minmay_puff
D:7:      layout_layer_cave, old_standard_altar, minmay_temple_entry_mini_moons,
          kennysheep_pointless_box, uniq_menkaure
D:8:      black_bear_nest_1, layout_basic, uniq_psyche
D:9:      layout_gridville, lemuel_round_altar, dpeg_oklobed_lair, uniq_pikel
D:10:     lemuel_troll_bridge, layout_basic, minmay_diced_spiral, uniq_maggie,
          uniq_harold

Skill      XL: |  1  2  3  4  5  6  7  8  9 10 |
---------------+-------------------------------+-----
Spellcasting   | 4 5 6 7 8 10 11 | 11.5
Conjurations   | 2 3 4 6 |  6.4
Translocations | 1 2 3 4 5 6 |  6.4
Air Magic      | 4 5 7 8 9 |  9.3
Evocations     | 1 2 4 5 6 |  6.7
Hexes          | 3 5 |  5.8
Invocations    | 2 4 |  4.2
Shields        | 2 |  2.6
Fighting       | |  0.1
Dodging        | |  2.8
Stealth        | |  2.7
Unarmed Combat | |  0.1

Action                   |  1- 3 |  4- 6 |  7- 9 | 10-12 || total
-------------------------+-------+-------+-------+-------++-------
Melee: Unarmed           |     6 |       |       |       ||     6
       Staff             |       |       |       |     3 ||     3
 Cast: Shock             |    79 |    79 |    99 |    32 ||   289
       Airstrike         |       |    25 |   150 |    88 ||   263
       Swiftness         |       |       |     1 |       ||     1
       Lightning Bolt    |       |       |       |    23 ||    23
       Blink             |       |       |       |     1 ||     1
Invok: Channel Magic     |       |       |       |     6 ||     6
Evoke: Wand              |       |       |     3 |     7 ||    10
  Use: Scroll            |       |    10 |     4 |     6 ||    20
       Potion            |       |     3 |     1 |     1 ||     5
Armor: Robe              |     2 |     9 |    48 |    18 ||    77
       Skin              |     1 |       |       |       ||     1
Dodge: Dodged            |    18 |    25 |    78 |    19 ||   140
Block: Buckler           |       |       |       |    13 ||    13

Table legend: (Time is in decaauts)
 A = Elapsed time spent in this place.
 B = Non-inter-level travel time spent in this place.
 C = Inter-level travel time spent in this place.
 D = Time resting spent in this place.
 E = Time spent auto-exploring this place.
 F = Levels seen in this place.
 G = Mean time per level.
                   A        B        C        D        E       F      G
               +--------+--------+--------+--------+--------+-----+--------+
         Total |  17503 |  17198 |    305 |   7948 |   5197 |  11 | 1591.2 |
       Dungeon |  17102 |  16797 |    305 |   7826 |   5144 |  10 | 1710.2 |
         Sewer |    401 |    401 |      0 |    122 |     53 |   1 |  401.0 |
               +--------+--------+--------+--------+--------+-----+--------+

Top non-repeatable levels by time:
     D:6: 3157 daAuts
     D:3: 2817 daAuts
     D:5: 1879 daAuts
     D:8: 1787 daAuts
     D:4: 1497 daAuts
     D:9: 1485 daAuts
     D:7: 1448 daAuts
     D:2: 1375 daAuts
     D:1: 1228 daAuts
    D:10: 424 daAuts
   Sewer: 401 daAuts
